 Dungeon Crawl Stone Soup version 0.28.0-47-ge53b351184 (webtiles) character file.

Game seed: 9188102279475496000

55 Icy37 the Sneak (level 3, -4/21 HPs)
             Began as an Octopode Earth Elementalist on Apr 25, 2022.
             Slain by Pargi (5 damage)
             ... in a sewer.
             The game lasted 00:06:22 (2059 turns).

Icy37 the Sneak (Octopode Earth Elementalist)       Turns: 2059, Time: 00:06:23

Health: -4/21      AC:  1    Str:  7    XL:     3   Next: 93%
Magic:  1/6        EV: 13    Int: 19    God:
Gold:   66         SH:  0    Dex: 12    Spells: 3/6 levels left

rFire   . . .      SeeInvis .   e - +2 dagger (drain)
rCold   . . .      Faith    .   (no shield)
rNeg    . . .      Spirit   .   (helmet restricted)
rPois   .          Reflect  .   (no amulet)
rElec   .          Harm     .   (no ring)
rCorr   .          Rampage  .   (no ring)
Will    .....                   (no ring)
Stlth   +++.......              (no ring)
HPRegen 0.07/turn               (no ring)
MPRegen 0.10/turn               (no ring)
                                (no ring)
                                (no ring)

@: no status effects
A: almost no armour, amphibious, 8 rings, camouflage 1, gelatinous body 1,
(nimble swimmer 1), tentacles
a: no special abilities


You were in a sewer.
You visited 1 branch of the dungeon, and saw 3 of its levels.
You also visited: Sewer.

You collected 66 gold pieces.

Inventory:

Hand Weapons
 e - a +2 dagger of draining (weapon)
Missiles
 b - 33 stones
 c - 2 boomerangs (quivered)
Scrolls
 a - 2 scrolls of teleportation
 f - a scroll of enchant weapon {unknown}


   Skills:
 + Level 0.7 Short Blades
 + Level 2.1 Dodging
 * Level 3.7 Stealth
 + Level 2.3 Spellcasting
 + Level 1.6 Transmutations
 * Level 3.5 Earth Magic


You had 3 spell levels left.
You knew the following spells:

 Your Spells              Type           Power      Damage    Failure   Level
a - Sandblast             Erth           30%        2d9       3%          1
b - Passwall              Tmut/Erth      10%        N/A       9%          2

Your spell library contained the following spells:

 Spells                   Type           Power      Damage    Failure   Level
 Stone Arrow              Conj/Erth      16%        3d8       24%         3
 Ignite Poison            Fire/Tmut/Pois 4%         N/A       36%         3
 Conjure Flame            Conj/Fire      2%         6-21      45%         3
 Petrify                  Tmut/Erth      12%        N/A       50%         4
 Sticky Flame             Conj/Fire      2%         2d3       86%         4


Dungeon Overview and Level Annotations

Branches:
Dungeon (3/15)              Sewer (1/1)

Altars:
Uskayaw

Annotations:
D:2 exclusion: adder Sewer Pargi


Innate Abilities, Weirdness & Mutations

You cannot wear most types of armour.
You are amphibious.
You can wear up to eight rings at the same time.
Your skin changes colour to match your surroundings (Stealth+).
Your rubbery body absorbs attacks. (AC +1, EV +1)
((You are camouflaged when in or above water. (Stealth+)))
You have tentacles for arms and can constrict up to eight enemies at once.


Message History

Casting: Sandblast (safe; 3% risk of failure)
Confirm with . or Enter, or press ? or * to list all spells.
Aiming: Sandblast (safe; 3% risk of failure)
Press: ? - help, Shift-Dir - straight line, f/p - Pargi
Aim: Pargi (moderately wounded, lightly drained, 74% to hit)
The blast of sand hits Pargi!
Pargi is heavily wounded.
b - 35 stones Pargi misses you.
Pargi closely misses you. Pargi claws you.
* * * LOW HITPOINT WARNING * * *
Casting: Sandblast (safe; 3% risk of failure)
Confirm with . or Enter, or press ? or * to list all spells.
Aiming: Sandblast (safe; 3% risk of failure)
Press: ? - help, Shift-Dir - straight line, f/p - Pargi
Aim: Pargi (heavily wounded, lightly drained, 74% to hit)
The blast of sand misses Pargi.
b - 34 stones Pargi barely misses you.
Pargi claws you.
* * * LOW HITPOINT WARNING * * *
Pargi completely misses you.
Casting: Sandblast (safe; 3% risk of failure)
Confirm with . or Enter, or press ? or * to list all spells.
Aiming: Sandblast (safe; 3% risk of failure)
Press: ? - help, Shift-Dir - straight line, f/p - Pargi
Aim: Pargi (heavily wounded, lightly drained, 74% to hit)
The blast of sand hits Pargi!
Pargi is severely wounded.
b - 33 stones Pargi barely misses you.
Pargi claws you.
* * * LOW HITPOINT WARNING * * *
Pargi claws you.
* * * LOW HITPOINT WARNING * * *
You aren't carrying any potions.
You aren't carrying any potions.
Okay, then.
Unknown command.
You hit Pargi.
Pargi is almost dead.
Pargi bites you.
You die...

..... ... ... ...
####### #.#
##.....## #T#
##...≈...## #.#
##...≈≈≈...#######.#
#∩∩†††≈≈≈..@T......#
##...≈≈≈...#######.#
##...≈...## #.#
##.....## #.#
####### #.# #.# #.#
#∩#


You could see Pargi (drained).

Vanquished Creatures
  An ufetubus (D:2)
  3 dart slugs (D:2)
  2 endoplasms
  4 giant cockroaches
  A goblin (D:1)
  5 hobgoblins
  11 ball pythons
  6 bats
  2 frilled lizards (D:2)
  5 kobolds (D:1)
  4 rats
44 creatures vanquished.

Vanquished Creatures (others)
  7 plants (D:3)
7 creatures vanquished.

Grand Total: 51 creatures vanquished

Notes
Turn   | Place    | Note
-------+----------+-------------------------------------------
     0 | D:1      | Icy37 the Octopode Earth Elementalist began the quest for
                  | the Orb.
     0 | D:1      | Reached XP level 1. HP: 11/11 MP: 3/3
   350 | D:1      | Reached XP level 2. HP: 17/17 MP: 5/5
   774 | D:1      | Learned a level 2 spell: Passwall
  1080 | D:2      | Found a hide-covered altar of Uskayaw.
  1255 | D:2      | Reached XP level 3. HP: 21/21 MP: 6/6
  1626 | D:2      | Found a faded altar of an unknown god.
  1984 | D:3      | Found a glowing drain.
  1993 | Sewer    | Entered a sewer
  2038 | Sewer    | Noticed Pargi
  2058 | Sewer    | HP: 1/21 [Pargi (2)]
  2059 | Sewer    | Slain by Pargi

Illustrated notes

Levels and vault maps discovered:
D:1:      dpeg_arrival_lava_temple_mockup, layout_basic
D:2:      layout_loops_ring, dreamdust_ecumenical_altar_hidden_monk_grotto,
          basic_altar, kennysheep_big_empty_room, kennysheep_pointless_box,
          ebering_dispersal_statue_hall
D:3:      layout_loops_ring, mainiacjoe_overflow_chevrons, portal_sewer_entry_b
Sewer:    sewer_big_baddie

Skill      XL: |  1  2 |
---------------+-------+-----
Stealth        | 3 |  3.7
Short Blades   | |  0.7
Dodging        | |  2.1
Spellcasting   | |  2.3
Transmutations | |  1.6
Earth Magic    | |  3.5

Action                   || total
-------------------------++-------
Melee: Dagger            ||    61
       Tentacles         ||     4
       Unarmed           ||     1
       Constrict         ||    11
Throw: Boomerang         ||    31
 Cast: Sandblast         ||    16
  Use: Scroll            ||     2
 Stab: Sleeping          ||    11
Armor: Skin              ||     5
Dodge: Dodged            ||    57
